| TOP OF THE 1ST |
|
Denver Bears batting - Pitching for Oklahoma City 89ers : RHP Chris Whitt
|
|
Pitching: RHP Chris Whitt
|
|
|
Batting: LHB Dallas Williams
|
0-0: Ball 1-0: Swinging Strike 1-1: Foul Ball, location: 2F 1-2: Ball 2-2: SINGLE (Groundball, 6D, EV 105.0 MPH)
|
|
Batting: RHB Adolfo Feliz
|
0-0: DOUBLE (Line Drive, 8LXD, EV 105.6 MPH) Dallas Williams to third Runner from 3rd tries for Home, SAFE, throw by CF to trailing runner, SAFE at third!
|
|
Batting: LHB Danny Heep
|
0-0: Fly out, F8 (Flyball, 8LD, EV 94.4 MPH) Runner from 3rd tags up, SCORES, throw by CF
|
|
Batting: RHB George A Bell
|
0-0: Called Strike 0-1: Ground out 5-3 (Groundball, 56, EV 101.3 MPH)
|
|
Batting: LHB Tom Beyers
|
0-0: Called Strike 0-1: SINGLE (Groundball, 56D, EV 102.5 MPH)
|
|
Batting: RHB Juan Alvarez
|
0-0: Ball 1-0: Called Strike 1-1: Called Strike Tom Beyers steals 2nd base 1-2: Ball 2-2: Ball 3-2: Base on Balls
|
|
Batting: LHB Larry Donofrio
|
0-0: Ball 1-0: Swinging Strike 1-1: Foul Ball, location: 2F 1-2: Strikes out swinging
|
| Top of the 1st over - 2 runs, 3 hits, 0 errors, 2 left on base; Denver 2 - Oklahoma City 0 |
| BOTTOM OF THE 1ST |
|
Oklahoma City 89ers batting - Pitching for Denver Bears : RHP Jorge Rivera
|
|
Pitching: RHP Jorge Rivera
|
|
|
Batting: RHB David Green
|
0-0: Ball 1-0: Fly out, F9 (Flyball, 9LM, EV 85.6 MPH)
|
|
Batting: RHB John Christensen
|
0-0: Called Strike 0-1: Ball 1-1: Ground out 6-3 (Groundball, 6, EV 79.4 MPH)
|
|
Batting: LHB Tom O'Malley
|
0-0: Ball 1-0: Ball 2-0: Called Strike 2-1: Foul Ball, location: 2F 2-2: Strikes out swinging
|
| Bottom of the 1st over - 0 runs, 0 hits, 0 errors, 0 left on base; Denver 2 - Oklahoma City 0 |
| TOP OF THE 2ND |
|
Denver Bears batting - Pitching for Oklahoma City 89ers : RHP Chris Whitt
|
|
Batting: RHB Raymond Borucki
|
0-0: Ground out 4-3 (Groundball, 4, EV 105.0 MPH)
|
|
Batting: RHB Gomez Barahona
|
0-0: Ball 1-0: Ball 2-0: Ball 3-0: Base on Balls
|
|
Batting: LHB Dallas Williams
|
0-0: Ball 1-0: Called Strike Gomez Barahona steals 2nd base (no throw) 1-1: Fly out, F4 (Popup, 34S, EV 88.8 MPH)
|
|
Batting: RHB Adolfo Feliz
|
0-0: Ball 1-0: Foul Ball, location: 2F 1-1: Foul Ball, location: 2F 1-2: Foul Ball, location: 2F 1-2: Fly out, F9 (Flyball, 9LM, EV 86.9 MPH)
|
| Top of the 2nd over - 0 runs, 0 hits, 0 errors, 1 left on base; Denver 2 - Oklahoma City 0 |
| BOTTOM OF THE 2ND |
|
Oklahoma City 89ers batting - Pitching for Denver Bears : RHP Jorge Rivera
|
|
Batting: RHB Glenn Braggs
|
0-0: Called Strike 0-1: Ball 1-1: Ball 2-1: Ball 3-1: Called Strike 3-2: Base on Balls
|
|
Batting: RHB Cecil Fielder
|
0-0: Ball 1-0: 2-RUN HOME RUN (Flyball, 7D, EV 95.6 MPH), Distance : 376 ft
|
|
Batting: RHB Nick Esasky
|
0-0: Foul Ball, location: 2F 0-1: Ball 1-1: Ball 2-1: Hit by Pitch
|
|
Batting: RHB Joe Redfield
|
0-0: Ball 1-0: Foul Ball, location: 2F 1-1: Foul Ball, location: 2F 1-2: DOUBLE (Groundball, 5L, EV 108.1 MPH) Nick Esasky to third Runner from 3rd tries for Home, SAFE, throw by LF to trailing runner, SAFE at third!
|
|
Batting: RHB Danny Jasso
|
0-0: Fly out, F8 (Flyball, 8LD, EV 86.9 MPH) Runner from 3rd tags up, OUT at HOME! 8-2
|
|
Batting: RHB Robert Bailey
|
0-0: Fly out, F7 (Flyball, 7, EV 86.3 MPH)
|
| Bottom of the 2nd over - 3 runs, 2 hits, 0 errors, 0 left on base; Denver 2 - Oklahoma City 3 |
| TOP OF THE 3RD |
|
Denver Bears batting - Pitching for Oklahoma City 89ers : RHP Chris Whitt
|
|
Batting: LHB Danny Heep
|
0-0: Ground out 4-3 (Groundball, 4, EV 85.6 MPH)
|
|
Batting: RHB George A Bell
|
0-0: Ball 1-0: Called Strike 1-1: Ground out 1-5-3 (Groundball, 15S, EV 100.0 MPH)
|
|
Batting: LHB Tom Beyers
|
0-0: Ball 1-0: Foul Ball, location: 2F 1-1: Ball 2-1: Ball 3-1: Foul Ball, location: 2F 3-2: Ground out U3 (Groundball, 34, EV 88.8 MPH)
|
| Top of the 3rd over - 0 runs, 0 hits, 0 errors, 0 left on base; Denver 2 - Oklahoma City 3 |
| BOTTOM OF THE 3RD |
|
Oklahoma City 89ers batting - Pitching for Denver Bears : RHP Jorge Rivera
|
|
Batting: RHB David Green
|
0-0: Called Strike 0-1: Fly out, F9 (Flyball, 9, EV 93.1 MPH)
|
|
Batting: RHB John Christensen
|
0-0: Ball 1-0: Ball 2-0: Called Strike 2-1: Fly out, F3 (Popup, 3L, EV 68.1 MPH)
|
|
Batting: LHB Tom O'Malley
|
0-0: Reached via error on a dropped throw from 1B, E1 (Groundball, 34S, EV 85.0 MPH)
|
|
Batting: RHB Glenn Braggs
|
0-0: Called Strike 0-1: Ground out 4-3 (Groundball, 4, EV 85.6 MPH)
|
| Bottom of the 3rd over - 0 runs, 0 hits, 1 error, 1 left on base; Denver 2 - Oklahoma City 3 |
| TOP OF THE 4TH |
|
Denver Bears batting - Pitching for Oklahoma City 89ers : RHP Chris Whitt
|
|
Batting: RHB Juan Alvarez
|
0-0: Foul Ball, location: 2F 0-1: Hit by Pitch
|
|
Batting: LHB Larry Donofrio
|
0-0: Ball 1-0: Ball 2-0: Ball 3-0: Called Strike 3-1: Called Strike 3-2: Strikes out swinging
|
|
Batting: RHB Raymond Borucki
|
0-0: Ball 1-0: Called Strike 1-1: Ball 2-1: Called Strike 2-2: Foul Ball, location: 2F 2-2: Fly out, F9 (Flyball, 9, EV 98.1 MPH)
|
|
Batting: RHB Gomez Barahona
|
0-0: Called Strike 0-1: Fly out, F8 (Flyball, 89D, EV 94.4 MPH)
|
| Top of the 4th over - 0 runs, 0 hits, 0 errors, 1 left on base; Denver 2 - Oklahoma City 3 |
| BOTTOM OF THE 4TH |
|
Oklahoma City 89ers batting - Pitching for Denver Bears : RHP Jorge Rivera
|
|
Batting: RHB Cecil Fielder
|
0-0: Ball 1-0: Called Strike 1-1: Ball 2-1: Called Strike 2-2: Ball 3-2: Foul Ball, location: 2F 3-2: Base on Balls
|
|
Batting: RHB Nick Esasky
|
0-0: Ball 1-0: Foul Ball, location: 2F 1-1: Called Strike 1-2: Foul Ball, location: 2F 1-2: Ball 2-2: Ball 3-2: Strikes out looking Cecil Fielder is caught stealing 2nd base 2-4 Batter strikes out.
|
|
Batting: RHB Joe Redfield
|
0-0: Fly out, F9 (Flyball, 9LM, EV 87.5 MPH)
|
| Bottom of the 4th over - 0 runs, 0 hits, 0 errors, 0 left on base; Denver 2 - Oklahoma City 3 |
| TOP OF THE 5TH |
|
Denver Bears batting - Pitching for Oklahoma City 89ers : RHP Chris Whitt
|
|
Batting: LHB Dallas Williams
|
0-0: Called Strike 0-1: Ball 1-1: SINGLE (Line Drive, 56, EV 96.9 MPH)
|
|
Batting: RHB Adolfo Feliz
|
0-0: Bunted foul 0-1: Bunted foul 0-2: Ball 1-2: Ball 2-2: Foul Ball, location: 2F 2-2: Ball 3-2: Base on Balls Dallas Williams to second
|
|
Batting: LHB Danny Heep
|
0-0: Grounds into double play, 4-6-3 (Groundball, 4, EV 108.1 MPH) Dallas Williams to third
|
|
Batting: RHB George A Bell
|
0-0: Ground out 5-3 (Groundball, 56S, EV 90.6 MPH)
|
| Top of the 5th over - 0 runs, 1 hit, 0 errors, 1 left on base; Denver 2 - Oklahoma City 3 |
| BOTTOM OF THE 5TH |
|
Oklahoma City 89ers batting - Pitching for Denver Bears : RHP Jorge Rivera
|
|
Batting: RHB Danny Jasso
|
0-0: Ball 1-0: Ball 2-0: SINGLE (Line Drive, 5D, EV 103.8 MPH)
|
|
Batting: RHB Robert Bailey
|
0-0: Called Strike Danny Jasso steals 2nd base 0-1: Ball 1-1: Called Strike 1-2: Ball 2-2: Fly out, F8 (Flyball, 8LD, EV 98.1 MPH)
|
|
Batting: RHB David Green
|
0-0: Fly out, F9 (Flyball, 9LS, EV 98.8 MPH)
|
|
Batting: RHB John Christensen
|
0-0: Called Strike 0-1: Swinging Strike 0-2: Strikes out looking
|
| Bottom of the 5th over - 0 runs, 1 hit, 0 errors, 1 left on base; Denver 2 - Oklahoma City 3 |
| TOP OF THE 6TH |
|
Denver Bears batting - Pitching for Oklahoma City 89ers : RHP Chris Whitt
|
|
Batting: LHB Tom Beyers
|
0-0: Ball 1-0: Foul Ball, location: 2F 1-1: SINGLE (Groundball, 25, EV 63.8 MPH) (infield hit)
|
|
Batting: RHB Juan Alvarez
|
0-0: Ball Tom Beyers steals 2nd base
|
|
|
|
|
|
1-0: DOUBLE (Line Drive, 78XD, EV 110.6 MPH) Tom Beyers scores
|
|
Batting: LHB Larry Donofrio
|
0-0: Intentional Walk
|
|
Pitching: RHP Gilberto Mendoza
|
|
|
Batting: RHB Raymond Borucki
|
0-0: Ball 1-0: Grounds into double play, 6-4-3 (Groundball, 56, EV 83.8 MPH) Juan Alvarez to third
|
|
Batting: RHB Gomez Barahona
|
0-0: Called Strike 0-1: Called Strike 0-2: Strikes out looking
|
| Top of the 6th over - 1 run, 2 hits, 0 errors, 1 left on base; Denver 3 - Oklahoma City 3 |
| BOTTOM OF THE 6TH |
|
Oklahoma City 89ers batting - Pitching for Denver Bears : RHP Jorge Rivera
|
|
Batting: LHB Tom O'Malley
|
0-0: Swinging Strike 0-1: Foul Ball, location: 2F 0-2: Foul Ball, location: 2F 0-2: Ball 1-2: Strikes out swinging
|
|
Pitching: RHP Bob Cabrera
|
|
|
Batting: RHB Glenn Braggs
|
0-0: Ground out 5-3 (Groundball, 56S, EV 61.9 MPH)
|
|
Batting: RHB Cecil Fielder
|
0-0: Ball 1-0: Ball 2-0: Foul Ball, location: 2F 2-1: Called Strike 2-2: Fly out, F6 (Popup, 15S, EV 79.4 MPH)
|
| Bottom of the 6th over - 0 runs, 0 hits, 0 errors, 0 left on base; Denver 3 - Oklahoma City 3 |
| TOP OF THE 7TH |
|
Denver Bears batting - Pitching for Oklahoma City 89ers : RHP Gilberto Mendoza
|
|
Batting: LHB Dallas Williams
|
0-0: Foul Ball, location: 2F 0-1: Ball 1-1: Foul Ball, location: 2F 1-2: Foul Ball, location: 2F 1-2: Foul Ball, location: 2F 1-2: Ball 2-2: SOLO HOME RUN (Flyball, 9LD, EV 113.1 MPH), Distance : 363 ft
|
|
Batting: RHB Adolfo Feliz
|
0-0: Fly out, F9 (Flyball, 9S, EV 88.1 MPH)
|
|
Batting: LHB Danny Heep
|
0-0: Foul Ball, location: 2F 0-1: Foul Ball, location: 2F 0-2: Ball 1-2: Ball 2-2: Ball 3-2: Foul Ball, location: 2F 3-2: SOLO HOME RUN (Flyball, 9D, EV 104.4 MPH), Distance : 354 ft
|
|
Batting: RHB George A Bell
|
0-0: Fly out, F8 (Flyball, 8RXD, EV 103.1 MPH)
|
|
Batting: LHB Tom Beyers
|
0-0: Ball 1-0: Ground out 4-3 (Groundball, 4, EV 91.3 MPH)
|
| Top of the 7th over - 2 runs, 2 hits, 0 errors, 0 left on base; Denver 5 - Oklahoma City 3 |
| BOTTOM OF THE 7TH |
|
Oklahoma City 89ers batting - Pitching for Denver Bears : RHP Bob Cabrera
|
|
Batting: RHB Nick Esasky
|
0-0: Called Strike 0-1: Ball 1-1: Ball 2-1: Ball 3-1: Base on Balls
|
|
Batting: RHB Joe Redfield
|
0-0: Called Strike 0-1: Foul Ball, location: 2F 0-2: Foul Ball, location: 2F 0-2: Ball 1-2: Ball 2-2: Fly out, F9 (Flyball, 9, EV 85.6 MPH)
|
|
Batting: RHB Danny Jasso
|
0-0: Ball 1-0: Foul Ball, location: 2F 1-1: SINGLE (Line Drive, 34D, EV 96.3 MPH) Nick Esasky to second
|
|
Batting: RHB Robert Bailey
|
0-0: Ball 1-0: Ball 2-0: Foul Ball, location: 2F 2-1: Ball 3-1: Grounds into double play, 4-6-3 (Groundball, 4, EV 95.0 MPH)
|
| Bottom of the 7th over - 0 runs, 1 hit, 0 errors, 1 left on base; Denver 5 - Oklahoma City 3 |
| TOP OF THE 8TH |
|
Denver Bears batting - Pitching for Oklahoma City 89ers : RHP Gilberto Mendoza
|
|
Batting: RHB Juan Alvarez
|
0-0: Called Strike 0-1: Called Strike 0-2: Hit by Pitch
|
|
Batting: LHB Larry Donofrio
|
0-0: Ball 1-0: Ball 2-0: Foul Ball, location: 2F 2-1: Foul Ball, location: 2F 2-2: DOUBLE (Flyball, 78XD, EV 91.3 MPH) Juan Alvarez to third
|
|
Batting: RHB Raymond Borucki
|
0-0: Intentional Walk
|
|
Batting: RHB Gomez Barahona
|
0-0: Called Strike 0-1: Ball 1-1: Ball 2-1: SINGLE (Groundball, 6D, EV 94.4 MPH) Juan Alvarez scores Larry Donofrio to third Raymond Borucki to second
|
|
Pitching: RHP Kyle Hutchinson
|
|
|
Batting: LHB Dallas Williams
|
0-0: Fly out, F8 (Flyball, 8LS, EV 93.1 MPH)
|
|
Batting: RHB Adolfo Feliz
|
Balk! Larry Donofrio scores Raymond Borucki to third Gomez Barahona to second 0-0: Swinging Strike 0-1: Reached on error, E6 (Groundball, 6, EV 86.3 MPH) Raymond Borucki scores Gomez Barahona scores
|
|
Batting: LHB Danny Heep
|
0-0: SINGLE (Line Drive, 34D, EV 94.4 MPH) Adolfo Feliz to third Runner from 3rd tries for Home, throw by RF and OUT! 9-2
|
|
Batting: RHB George A Bell
|
0-0: Foul Ball, location: 2F 0-1: Ball 1-1: SINGLE (Groundball, 6MD, EV 94.4 MPH) Danny Heep to second
|
|
Batting: LHB Tom Beyers
|
0-0: Ball 1-0: DOUBLE (Line Drive, 7LS, EV 101.3 MPH) Danny Heep scores George A Bell to third Runner from 3rd tries for Home, SAFE, throw by LF to home
|
|
Batting: RHB Juan Alvarez
|
0-0: Fly out, F8 (Flyball, 8LD, EV 98.8 MPH)
|
| Top of the 8th over - 6 runs, 5 hits, 1 error, 1 left on base; Denver 11 - Oklahoma City 3 |
| BOTTOM OF THE 8TH |
|
Oklahoma City 89ers batting - Pitching for Denver Bears : RHP Bob Cabrera
|
|
Batting: RHB David Green
|
0-0: TRIPLE (Flyball, 78XD, EV 96.3 MPH)
|
|
Pinch Hitting: LHB Jorge Oquendo
|
0-0: DOUBLE (Line Drive, 89D, EV 105.6 MPH) David Green scores
|
|
Pinch Hitting: LHB John Harris
|
0-0: Ball 1-0: Ball 2-0: Ball 3-0: Base on Balls
|
|
Pitching: RHP Eric Show
|
|
|
Pinch Hitting: RHB Richard Howard
|
0-0: Foul Ball, location: 2F 0-1: Ball 1-1: Foul Ball, location: 2F 1-2: Ball 2-2: Ball 3-2: Ground out 6-3 (Groundball, 6, EV 80.0 MPH) Jorge Oquendo to third John Harris to second
|
|
Batting: RHB Cecil Fielder
|
0-0: Ground out 6-3 (Groundball, 6, EV 81.3 MPH) Jorge Oquendo scores John Harris to third
|
|
Batting: RHB Nick Esasky
|
0-0: Ball 1-0: Ball 2-0: Called Strike 2-1: Fly out, F6 (Popup, 6S, EV 64.4 MPH)
|
| Bottom of the 8th over - 2 runs, 2 hits, 0 errors, 1 left on base; Denver 11 - Oklahoma City 5 |
| TOP OF THE 9TH |
|
Denver Bears batting - Pitching for Oklahoma City 89ers : RHP Kyle Hutchinson
|
|
Now at 1B: Tim Tolman
|
|
|
Now in LF: John Harris
|
|
|
Now in RF: Jorge Oquendo
|
|
|
Batting: LHB Larry Donofrio
|
0-0: Ball 1-0: SINGLE (Groundball, 56D, EV 95.6 MPH)
|
|
Batting: RHB Raymond Borucki
|
0-0: Ball 1-0: Ball 2-0: Called Strike 2-1: Called Strike 2-2: Foul Ball, location: 2F 2-2: Ball 3-2: Foul Ball, location: 2F 3-2: Foul Ball, location: 2F 3-2: Grounds into double play, U3-6 (Groundball, 3L, EV 105.6 MPH)
|
|
Batting: RHB Gomez Barahona
|
0-0: Foul Ball, location: 2F 0-1: Ball 1-1: SINGLE (Line Drive, 7S, EV 87.5 MPH)
|
|
Batting: LHB Dallas Williams
|
0-0: Called Strike 0-1: Called Strike 0-2: Ball 1-2: SINGLE (Line Drive, 7S, EV 110.0 MPH) Gomez Barahona to second
|
|
Batting: RHB Adolfo Feliz
|
0-0: Ball 1-0: Called Strike 1-1: Foul Ball, location: 2F 1-2: Strikes out swinging
|
| Top of the 9th over - 0 runs, 3 hits, 0 errors, 2 left on base; Denver 11 - Oklahoma City 5 |
| BOTTOM OF THE 9TH |
|
Oklahoma City 89ers batting - Pitching for Denver Bears : RHP Eric Show
|
|
Batting: RHB Joe Redfield
|
0-0: Ball 1-0: Ball 2-0: Ground out 5-3 (Groundball, 56, EV 85.0 MPH)
|
|
Batting: RHB Danny Jasso
|
0-0: Called Strike 0-1: Ground out U3 (Groundball, 3, EV 87.5 MPH)
|
|
Batting: RHB Robert Bailey
|
0-0: Called Strike 0-1: SINGLE (Groundball, 4MD, EV 100.0 MPH)
|
|
Batting: RHB David Green
|
0-0: SINGLE (Groundball, 6MD, EV 101.3 MPH) Robert Bailey to second
|
|
Batting: LHB Jorge Oquendo
|
0-0: Ball 1-0: Foul Ball, location: 2F 1-1: Ball 2-1: Ball 3-1: Base on Balls Robert Bailey to third David Green to second
|
|
Batting: LHB John Harris
|
0-0: SINGLE (Groundball, 4MD, EV 95.6 MPH) Robert Bailey scores David Green to third Jorge Oquendo to second
|
|
Batting: RHB Tim Tolman
|
0-0: Called Strike 0-1: Foul Ball, location: 2F 0-2: Ball 1-2: TRIPLE (Line Drive, 89XD, EV 101.3 MPH) David Green scores Jorge Oquendo scores John Harris scores
|
|
Pitching: LHP Jake Zorbas
|
|
|
Now at 1B: Frank Lucy
|
|
|
Batting: RHB Cecil Fielder
|
0-0: Called Strike 0-1: Ball 1-1: SINGLE (Groundball, 34D, EV 95.6 MPH) Tim Tolman scores
|
|
Batting: RHB Nick Esasky
|
0-0: Ball 1-0: Foul Ball, location: 2F 1-1: Ball 2-1: Ball 3-1: Called Strike 3-2: Strikes out swinging
|
| Bottom of the 9th over - 5 runs, 5 hits, 0 errors, 1 left on base; Denver 11 - Oklahoma City 10 |
 |
|
Friday, August 14th, 2020 - OOTP Baseball 21.5 Build 76
|
|